 Dungeon Crawl Stone Soup version 0.16-a0-1858-gba9b1e2 (webtiles) character file.

39 RobertPalmer the Insei (level 3, -10/26 HPs)
             Began as a Demonspawn Transmuter on Nov 4, 2014.
             Mangled by a gnoll
             ... wielding a +0 flail of protection
              (14 damage)
             ... on level 1 of the Dungeon.
             The game lasted 00:02:13 (1638 turns).

RobertPalmer the Insei (Demonspawn Transmuter)      Turns: 1638, Time: 00:02:13

Health: -10/26     AC:  2    Str: 10    XL:     3   Next: 26%
Magic:  6/6        EV: 12    Int: 14    God:
Gold:   22         SH:  0    Dex: 14    Spells: 1 memorised, 5 levels left

rFire  . . .     SeeInvis .       - Unarmed
rCold  . . .     Clarity  .     c - +0 robe
rNeg   . . .     SustAb   .     (no shield)
rPois  .         Gourm    .     (no helmet)
rElec  .         Spirit   .     (no cloak)
rCorr  .         Warding  .     (no gloves)
rMut   .         Stasis   .     (boots unavailable)
MR     .....                    (no amulet)
Stlth  +.........               (no ring)
                                (no ring)

@: appendage (expiring), not resistant to hostile enchantments, very unstealthy
A: claws 1, talons 3, demonic guardian 1
a: End Transformation


You were on level 1 of the Dungeon.
You were hungry.
You had grown temporary talons.
You visited 1 branch of the dungeon, and saw 2 of its levels.

You collected 22 gold pieces.


Innate Abilities, Weirdness & Mutations

You have sharp fingernails.
A weak demonic guardian rushes to your aid.
You have claws for feet.


   Skills:
 - Level 1.0 Fighting
 - Level 1.7 Dodging
 + Level 4.0 Unarmed Combat
 - Level 2.0 Spellcasting
 - Level 1.7 Transmutations


You had 5 spell levels left.
You knew the following spells:

 Your Spells              Type           Power        Failure   Level  Hunger
z - Beastly Appendage     Trmt           #.....       14%         1    ##.....

Inventory:

Missiles
 b - 12 arrows
Armour
 c - a +0 robe (worn)
Scrolls
 f - a scroll of remove curse {unknown}
 h - 2 scrolls of fog {unknown}
 i - a scroll of identify {unknown}
Potions
 e - a potion of agility {unknown}
 g - a potion of restore abilities {unknown}
 j - a potion of beneficial mutation {unknown}
Books
 d - a book of Changes
Comestibles
 a - a bread ration

Dungeon Overview and Level Annotations

Branches:
Dungeon (2/15)

Altars:

##...........###........# #..#
##.#########.........>### #..#
##># #####.###### #..# ##.# #.#
#..# ##.# #.# #..# ##.# #.# #..#
##.# #.# ##..# ##.##### #g# #...#
.......# #@# #..## ##.###.# #.#
#..# #.# #.# #.###### #..# ##.#
#.# #......# #..# #..# #.#
######.# #..# #.## #.# #.# #..#
#.# #.# #.# #.(# #.####.#
#######.# #..##
.......########.......#######...#


You could see a gnoll (bleeding).


Message History

Your transformation is almost over.
You scratch the gnoll.
The gnoll is heavily wounded.
The gnoll barely misses you.
You scratch the gnoll but do no damage. You claw the gnoll, but do no damage.
The gnoll is heavily wounded.
The gnoll completely misses you.
You scratch the gnoll but do no damage.
The gnoll is heavily wounded.
The gnoll barely misses you.
You scratch the gnoll but do no damage.
The gnoll is heavily wounded.
The gnoll is no longer bleeding.
The gnoll hits you with a glowing flail!
* * * LOW HITPOINT WARNING * * *
Unknown command.
You scratch the gnoll. You claw the gnoll, but do no damage.
The gnoll is severely wounded.
You closely miss the gnoll. You claw the gnoll.
The gnoll is almost dead.
The gnoll misses you.
You completely miss the gnoll. You claw the gnoll, but do no damage.
The gnoll is almost dead.
The gnoll hits you with a glowing flail!
* * * LOW HITPOINT WARNING * * *
You scratch the gnoll but do no damage. You claw the gnoll, but do no damage.
The gnoll is almost dead.
The gnoll hits you with a glowing flail!
Ouch! That really hurt!
You die...

Action                   || total
-------------------------++-------
Melee: Unarmed           ||    95
 Cast: Beastly Appendage ||    15
  Eat: Chunk             ||     2

Vault maps used:
D:1:      eino_arrival_cavern_e
D:2:      serial_undead, serial_undead_f, serial_undead_a, serial_undead_c,
          serial_undead_f, first_bread, minmay_misc_feat_iff,
          minmay_misc_feat_tower

Notes
Turn   | Place    | Note
--------------------------------------------------------------
     0 | D:1      | RobertPalmer, the Demonspawn Transmuter, began the quest for the Orb.
     0 | D:1      | Reached XP level 1. HP: 15/15 MP: 3/3
   378 | D:1      | Reached skill level 3 in Unarmed Combat
   401 | D:1      | Gained mutation: You have sharp fingernails. [demonic ancestry]
   401 | D:1      | Reached XP level 2. HP: 9/21 MP: 4/4
  1468 | D:1      | Gained mutation: A weak demonic guardian rushes to your aid. [demonic ancestry]
  1468 | D:1      | Reached XP level 3. HP: 21/26 MP: 4/6
  1627 | D:1      | Reached skill level 4 in Unarmed Combat
  1638 | D:1      | Mangled by a gnoll

Vanquished Creatures
  A gnoll (D:1)
  An adder (D:1)
  5 bats (D:1)
  2 goblins
  5 hobgoblins
  2 jackals (D:1)
  A giant cockroach (D:1)
  2 giant newts (D:1)
  3 kobolds (D:1)
  2 rats (D:1)
24 creatures vanquished.
